 Dungeon Crawl Stone Soup version 0.28.0-45-g0d030f2227 (webtiles) character file.

Game seed: 14006193550198434668

707 CryoSword the Sneak (level 7, -22/37 HPs)
             Began as a Vine Stalker Brigand on Apr 8, 2022.
             Was a Follower of Dithmenos.
             Annihilated by a two-headed ogre
             ... wielding a +0 giant spiked club
              (30 damage)
             ... on level 5 of the Dungeon.
             The game lasted 00:07:35 (4768 turns).

CryoSword the Sneak (Vine Stalker Brigand)          Turns: 4768, Time: 00:07:36

Health: -22/37     AC:  3    Str: 16    XL:     7   Next: 67%
Magic:  0/8        EV: 21    Int: 11    God:    Dithmenos [*.....]
Gold:   114        SH:  0    Dex: 15    Spells: 6/6 levels left

rFire   . . .      SeeInvis .   j - +2 short sword (speed)
rCold   . . .      Faith    .   (no shield)
rNeg    . . .      Spirit   +   b - +0 robe
rPois   .          Reflect  .   (no helmet)
rElec   .          Harm     .   c - +0 cloak
rCorr   .          Rampage  .   (no gloves)
Will    .....                   (no boots)
Stlth   +++.......              (no amulet)
HPRegen 0.92/turn               p - +4 ring of evasion
MPRegen 0.11/turn               r - +4 ring of evasion

@: wreathed by umbra
A: fangs 2, regeneration 1, magic shield, antimagic bite, no potion heal 2
a: Renounce Religion


You were on level 5 of the Dungeon.
You worshipped Dithmenos.
Dithmenos was aware of your devotion.
You visited 1 branch of the dungeon, and saw 5 of its levels.

You collected 114 gold pieces.

Inventory:

Hand Weapons
 i - a +0 rapier
   (You found it on level 2 of the Dungeon)
 j - a +2 short sword of speed (weapon)
   (You found it on level 3 of the Dungeon)
Missiles
 d - 13 poisoned darts
 m - 4 datura-tipped darts (quivered)
 o - 6 javelins
Armour
 b - a +0 robe (worn)
 c - a +0 cloak (worn)
Jewellery
 p - a +4 ring of evasion (left hand)
   (You found it on level 4 of the Dungeon)
 r - a +4 ring of evasion (right hand)
   (You found it on level 4 of the Dungeon)
 w - a ring of see invisible
   (You found it on level 5 of the Dungeon)
Wands
 u - a wand of digging (8)
   (You found it on level 5 of the Dungeon)
Scrolls
 g - a scroll of enchant armour {unknown}
 n - a scroll of noise {unknown}
 q - a scroll of holy word {unknown}
 s - 2 scrolls of enchant weapon
 t - a scroll of silence {unknown}
Potions
 a - a potion of might {unknown}
 f - 2 potions of invisibility
 h - a potion of cancellation
 k - a potion of curing {@q1}
 l - a potion of flight {unknown}
 v - a potion of magic {unknown}


   Skills:
 + Level 3.7 Fighting
 * Level 4.9 Short Blades
 + Level 3.6 Throwing
 + Level 2.9 Dodging
 - Level 5.0 Stealth


You had 6 spell levels left.
You didn't know any spells.
Your spell library contained the following spells:

 Spells                   Type           Power      Damage    Failure   Level
 Foxfire                  Conj/Fire      0%         2x1d4     34%         1
 Conjure Flame            Conj/Fire      0%         6-21      71%         3
 Inner Flame              Hex/Fire       0%         N/A       71%         3
 Flame Wave               Conj/Fire      0%         2d4       98%         4


Dungeon Overview and Level Annotations

Branches:
Dungeon (5/15)             Temple (0/1) D:4

Altars:
Ashenzari
Dithmenos
Fedhas
Gozag
Makhleb
Okawaru
Qazlal
Ru
Uskayaw
Wu Jian
Xom
The Shining One


Innate Abilities, Weirdness & Mutations

You have extremely sharp teeth.
Your natural rate of healing is unusually fast.
When hurt, damage is shared between your health and your magic reserves.
Your bite disrupts and absorbs the magic of your enemies.
Potions cannot restore your health.


Message History

You destroy the bullfrog zombie!
Dithmenos accepts your kill.
You hit the orc. You bite the orc.
You kill the orc!
Dithmenos accepts your kill.
You hit the orc.
You kill the orc!
Dithmenos accepts your kill. The orc hits you but does no damage.
You hit the orc. You bite the orc.
You kill the orc!
Dithmenos accepts your kill. The orc completely misses you. The orc misses you.
Items here: )) [ ††.
You hit the orc. Your bite misses the orc. You hit the orc.
You kill the orc!
Dithmenos accepts your kill.
No target in view!
No target in view!
No target in view!
No target in view!
No target in view!
No target in view!
No target in view!
No target in view!
No target in view!
No target in view!
No target in view!
No target in view!
Things that are here:
a +0 trident; an orc corpse
Found a stone staircase leading down.
There is a stone staircase leading down here.
There is a stone staircase leading down here.
An ogre comes into view. It is wielding a +0 giant club.
An ogre is nearby!
An ogre is nearby!
An ogre is nearby!
The ogre shouts!
You hit the ogre. The ogre barely misses you.
You barely miss the ogre. You bite the ogre. You drain its power.
You barely miss the ogre. You bite the ogre. You drain its power.
The ogre barely misses you.
You barely miss the ogre. Your bite misses the ogre. You hit the ogre.
You bite the ogre. You drain its power. The ogre barely misses you.
You completely miss the ogre. Your bite misses the ogre. You hit the ogre.
Your bite misses the ogre. You hit the ogre.
The ogre hits you with a +0 giant club!
You are too injured to fight recklessly!
You are too injured to fight recklessly!
You are too injured to fight recklessly!
You are too injured to fight recklessly!
You are too injured to fight recklessly!
You are too injured to fight recklessly!
You are too injured to fight recklessly!
You are too injured to fight recklessly!
Throw: 15 darts (poison)
Aim: an ogre, wielding a +0 giant club (severely wounded, 75% to hit)
You throw a poisoned dart. The poisoned dart hits the ogre.
The ogre is poisoned.
You puncture the ogre!
You kill the ogre!
Dithmenos accepts your kill.
No target in view!
No target in view!
Things that are here:
a +0 giant club; an ogre corpse
d - 15 poisoned darts (gained 1)
An adder comes into view.
An adder is nearby!
An adder is nearby!
An adder is nearby!
An adder is nearby!
The adder misses you.
You closely miss the adder. The adder bites you.
You closely miss the adder. You hit the adder. The adder bites you.
You are poisoned.
The adder poisons you!
Throw: 2 darts (curare)
Aim: an adder (heavily wounded, umbra, 42% to hit)
You throw a curare-tipped dart.
The curare-tipped dart closely misses the adder.
You feel sick. The adder completely misses you.
Throw: dart (curare)
Aim: an adder (heavily wounded, umbra, 42% to hit)
You throw a curare-tipped dart. The curare-tipped dart hits the adder.
The adder is poisoned.
The adder convulses.
You kill the adder!
Dithmenos accepts your kill.
You feel sick.
You feel sick.
You feel sick.
You feel sick.
You feel sick.
You are no longer poisoned.
e - 2 curare-tipped darts You see here an adder corpse.
A two-headed ogre comes into view.
It is wielding a +0 giant spiked club and a +0 giant club.
A two-headed ogre is nearby!
A two-headed ogre is nearby!
The two-headed ogre shouts in stereo!
Throw: 2 darts (curare)
Aim: a two-headed ogre, wielding a +0 giant spiked club and a +0 giant club (75% to hit)
You throw a curare-tipped dart.
The curare-tipped dart hits the two-headed ogre.
The two-headed ogre is poisoned.
The two-headed ogre convulses.
The two-headed ogre seems to slow down.
Throw: 15 darts (poison)
Aim: a two-headed ogre, wielding a +0 giant spiked club and a +0 giant club (lightly wounded, very poisoned, slow, 75% to hit)
You throw a poisoned dart.
The poisoned dart barely misses the two-headed ogre.
Throw: 14 darts (poison)
Aim: a two-headed ogre, wielding a +0 giant spiked club and a +0 giant club (lightly wounded, very poisoned, slow, 75% to hit)
You throw a poisoned dart.
The poisoned dart closely misses the two-headed ogre.
You hit the two-headed ogre but do no damage.
You bite the two-headed ogre. You drain its power.
An ice beast comes into view.
You barely miss the two-headed ogre.
You see here an adder corpse.
The two-headed ogre is no longer moving slowly.
Throw: dart (curare)
Aim: a two-headed ogre, wielding a +0 giant spiked club and a +0 giant club (moderately wounded, poisoned, 75% to hit)
You throw a curare-tipped dart.
The curare-tipped dart barely misses the two-headed ogre.
Throw: 5 darts (datura)
Aim: a two-headed ogre, wielding a +0 giant spiked club and a +0 giant club (75% to hit, chance to frenzy on hit: 22%)
You throw a datura-tipped dart.
The datura-tipped dart hits the two-headed ogre!
The two-headed ogre flies into a frenzy!
The two-headed ogre hits the ice beast with a +0 giant spiked club!!
The two-headed ogre hits the ice beast with a +0 giant club!!
The ice beast dies!
Dithmenos accepts your kill.
The two-headed ogre shouts in stereo!
The two-headed ogre barely misses you. The two-headed ogre closely misses you.
The two-headed ogre completely misses you.
The two-headed ogre misses you.
The two-headed ogre shouts in stereo!
The two-headed ogre hits you with a +0 giant spiked club!!
Ouch! That really hurt!
* * * LOW HITPOINT WARNING * * *
The two-headed ogre hits you with a +0 giant club!!
Ouch! That really hurt!
You die...

####################
#......)......@O...#
#.################.#
#.# ########## #.#
#.# #........# #.#
###.# #.######.#
#.##########
....#####.# #.#
#...(......#
#####.....# #.#
##########.# #.#####
#.# #.# #.# #.# #Y#


You could see a neutral two-headed ogre (fast, strong, insane).

Vanquished Creatures
  Edmund (D:5)
  An ogre (D:5)
  A phantom (D:5)
  A water moccasin zombie (D:5)
  A water moccasin skeleton (D:4)
  A bullfrog zombie (D:5)
  A bullfrog skeleton (D:4)
  An iguana (D:5)
  A hound skeleton (D:5)
  4 gnolls
  2 adders
  A dart slug (D:1)
  5 orcs
  6 bats
  10 endoplasms
  A giant cockroach (D:1)
  7 goblins
  4 hobgoblins
  15 jackals
  2 quokkas (D:1)
  8 ball pythons
  2 frilled lizards (D:3)
  3 kobolds
  5 rats
84 creatures vanquished.

Vanquished Creatures (collateral kills)
  An ice beast (D:5)
1 creature vanquished.

Grand Total: 85 creatures vanquished

Notes
Turn   | Place    | Note
-------+----------+-------------------------------------------
     0 | D:1      | CryoSword the Vine Stalker Brigand began the quest for the
                  | Orb.
     0 | D:1      | Reached XP level 1. HP: 11/11 MP: 2/2
    66 | D:1      | Found a faded altar of an unknown god.
   225 | D:1      | Reached skill level 1 in Dodging
   225 | D:1      | Reached XP level 2. HP: 10/15 MP: 3/3
   592 | D:1      | You fall into a shaft and drop 1 floor!
   755 | D:2      | Reached XP level 3. HP: 12/18 MP: 1/4
   982 | D:2      | Found a broken altar of Ashenzari.
  1622 | D:3      | Found a shadowy altar of Dithmenos.
  1622 | D:3      | Found a burning altar of Makhleb.
  1622 | D:3      | Found an iron altar of Okawaru.
  1622 | D:3      | Found a hide-covered altar of Uskayaw.
  1623 | D:3      | Found a stormy altar of Qazlal.
  1623 | D:3      | Found an ornate altar of the Wu Jian Council.
  1624 | D:3      | Found a sacrificial altar of Ru.
  1625 | D:3      | Found a shimmering altar of Xom.
  1625 | D:3      | Found a blossoming altar of Fedhas.
  1626 | D:3      | Found an opulent altar of Gozag.
  1628 | D:3      | Became a worshipper of Dithmenos the Shadowed
  2226 | D:3      | Found a faded altar of an unknown god.
  2240 | D:3      | Found a glowing golden altar of the Shining One.
  2307 | D:4      | Gained mutation: Your natural rate of healing is unusually
                  | fast. [Vine Stalker growth]
  2307 | D:4      | Reached XP level 4. HP: 23/23 MP: 5/5
  2587 | D:4      | Reached XP level 5. HP: 27/27 MP: 6/6
  3529 | D:4      | Reached * piety under Dithmenos
  3540 | D:4      | Found a staircase to the Ecumenical Temple.
  3558 | D:4      | Reached skill level 5 in Stealth
  3914 | D:5      | Entered Level 5 of the Dungeon
  3971 | D:5      | Reached XP level 6. HP: 32/32 MP: 5/7
  4027 | D:5      | Noticed Edmund
  4051 | D:5      | Killed Edmund
  4242 | D:5      | Reached XP level 7. HP: 32/36 MP: 6/8
  4704 | D:5      | Noticed a two-headed ogre
  4768 | D:5      | Annihilated by a two-headed ogre

Illustrated notes

Levels and vault maps discovered:
D:1:      nicolae_arrival_washed_ashore, layout_loops_corners,
          hellmonk_ecumenical_altar_inner_sanctum,
          amcnicky_mini_rare_corridor_liquid, chequers_big_river
D:2:      layout_basic, basic_altar
D:3:      layout_rooms, nicolae_overflow_ecumenical_swirl,
          nicolae_overflows_in_rows, minivault_24
D:4:      layout_basic, minmay_temple_entry_statues_pillars, serial_glass,
          glass_columns_c, glass_columns_a
D:5:      minmay_skewed_foursquare, layout_loops_ring, uniq_edmund

Skill      XL: |  1  2  3  4  5  6 |
---------------+-------------------+-----
Short Blades   | 2 3 4 |  4.9
Dodging        | 1 2 |  2.9
Fighting       | 2 3 |  3.7
Throwing       | 2 3 |  3.6
Stealth        | 5 |  5.0

Action                   |  1- 3 |  4- 6 |  7- 9 || total
-------------------------+-------+-------+-------++-------
Melee: Dagger            |    66 |       |       ||    66
       Bite              |    18 |    39 |    11 ||    68
       Punch             |     1 |     1 |       ||     2
       Rapier            |    39 |       |       ||    39
       Short sword       |     8 |   137 |    26 ||   171
Throw: Dart              |     4 |     4 |     8 ||    16
       Javelin           |       |     1 |       ||     1
  Use: Scroll            |     2 |     3 |       ||     5
 Stab: Sleeping          |     9 |     6 |       ||    15
Armor: Robe              |    30 |    20 |     1 ||    51
Dodge: Dodged            |    74 |    79 |    15 ||   168
